 Dungeon Crawl Stone Soup version 0.23.2-33-g5129a83184 (webtiles) character file.

Game seed: 16840659026917730402

2937 Folque the Geomancer (level 9, 0/67 HPs)
             Began as a Yellow Draconian Earth Elementalist on July 3, 2019.
             Was a Follower of Sif Muna.
             Slain by a hornet (12 damage)
             ... on level 8 of the Dungeon.
             The game lasted 00:29:22 (6774 turns).

Folque the Geomancer (DrEE)                         Turns: 6774, Time: 00:29:23

Health: 0/67       AC:  9    Str: 10    XL:     9   Next: 51%
Magic:  6/19       EV: 12    Int: 22    God:    Sif Muna [*.....]
Gold:   45         SH:  0    Dex: 12    Spells: 4/22 levels left

rFire    + . .     SeeInvis .   I - +1 whip (flame)
rCold    + . .     Gourm    .   (no shield)
rNeg     . . .     Faith    .   (armour unavailable)
rPois    +         Spirit   .   (helmet restricted)
rElec    +         Reflect  .   (no cloak)
rCorr    +         Harm     .   (no gloves)
MR       .....                  h - +1 pair of boots
Stlth    ++........             p - amulet of the acrobat
HPRegen  0.21/turn              w - +3 ring of intelligence
MPRegen  0.16/turn              L - ring of wizardry

@: resistant, hasted, drained, very quick
A: spit acid, unfitting armour, cold-blooded, acid resistance, AC +7
a: Breathe Acid, Divine Energy, Renounce Religion


You were on level 8 of the Dungeon.
You worshipped Sif Muna.
Sif Muna was aware of your devotion.
You were not hungry.

You visited 2 branches of the dungeon, and saw 10 of its levels.

You collected 465 gold pieces.
You spent 420 gold pieces at shops.

Inventory:

Hand Weapons
 a - a +0 whip
 e - a +0 dagger
 f - a +0 short sword
 D - a +2 scythe of venom
 H - a +0 whip
 I - a +1 whip of flaming (weapon)
Missiles
 b - 195 stones (quivered)
 q - 4 javelins of returning
 y - 31 poisoned needles
Armour
 h - a +1 pair of boots (worn)
Jewellery
 p - an amulet of the acrobat (around neck)
 w - a +3 ring of intelligence (left hand)
 L - a ring of wizardry (right hand)
 M - an uncursed ring of magical power {unknown}
Scrolls
 d - a scroll of enchant armour
 l - 3 scrolls of remove curse
 m - 3 scrolls of teleportation
 o - 2 scrolls of random uselessness {unknown}
 s - 2 scrolls of enchant weapon {unknown}
 t - 2 scrolls of fog {unknown}
 v - a scroll of silence {unknown}
 x - 2 scrolls of noise {unknown}
 A - a scroll of amnesia {unknown}
 B - a scroll of fear {unknown}
 C - 3 scrolls of magic mapping {unknown}
Potions
 g - a potion of berserk rage {unknown}
 i - a potion of mutation {unknown}
 j - a potion of curing {unknown}
 k - 2 potions of flight
 n - a potion of invisibility {unknown}
 r - 2 potions of haste
 u - a potion of resistance
 z - 2 potions of might
 E - a potion of lignification {unknown}
 F - a potion of heal wounds {unknown}
 K - a potion of brilliance {unknown}
Comestibles
 c - 7 rations
 J - 4 chunks of flesh


   Skills:
 - Level 2.1(1.4) Fighting
 - Level 2.2(1.4) Dodging
 + Level 4.5(3.7) Stealth
 * Level 7.0(6.2) Spellcasting
 - Level 3.3(2.6) Conjurations
 - Level 4.1(3.3) Transmutations
 + Level 2.6(1.9) Air Magic
 - Level 8.1(7.3) Earth Magic


You had 4 spell levels left.
You knew the following spells:

 Your Spells              Type           Power        Failure   Level  Hunger
a - Sandblast             Erth           #####.       1%          1    None
b - Passwall              Tmut/Erth      ####....     1%          2    None
c - Stone Arrow           Conj/Erth      ####..       1%          3    #......
d - Lee's Rapid Deconstr  Erth           #####.....   4%          5    #####..
e - Petrify               Tmut/Erth      ####....     4%          4    ###....
f - Static Discharge      Conj/Air       ###.....     4%          3    #......

Your spell library contained the following spells:

 Spells                   Type           Power        Failure   Level  Hunger
 Shock                    Conj/Air       ###.         1%          1    None
 Swiftness                Chrm/Air       ##......     3%          2    None
 Airstrike                Air            ###.......   16%         4    ###....
 Lightning Bolt           Conj/Air       ###.......   36%         5    #####..


Dungeon Overview and Level Annotations

Branches:
Dungeon (9/15)             Temple (1/1) D:6
   Lair: D:8-11         Orc: D:9-12

Altars:
Ashenzari
Cheibriados
Dithmenos
Elyvilon
Fedhas
Gozag
Hepliaklqana
Kikubaaqudgha
Makhleb
Nemelex Xobeh
Okawaru
Qazlal
Ru
Sif Muna
Trog
Uskayaw
Vehumet
Wu Jian
Xom
Yredelemnul
Zin
The Shining One

Shops:
D:5 *   D:8 =

Annotations:
D:4 3 runed translucent doors, Pyrotika's ghost, amateur HOFi


Innate Abilities, Weirdness & Mutations

You can spit globs of acid.
Your golden yellow scales are hard. (AC +7)
You cannot fit into any form of body armour.
You are cold-blooded and may be slowed by cold attacks.
You are resistant to acid. (rCorr)


Message History

You feel yourself speed up.
There is a stone staircase leading down here.
You feel protected. The hornet stings you.
* * * LOW HITPOINT WARNING * * *
The wight hits you with a cursed +3 long sword.
* * * LOW HITPOINT WARNING * * *
The hornet stings you.
* * * LOW HITPOINT WARNING * * *
You feel yourself speed up. The hornet closely misses you.
The wight hits you with a cursed +3 long sword.
* * * LOW HITPOINT WARNING * * *
You feel drained.
* * * LOW HITPOINT WARNING * * *
There is an open door here.
There is a stone staircase leading up here.
The hornet stings you.
* * * LOW HITPOINT WARNING * * *
The hornet stings you!
You die...

#....##....##....##....##.....##.
......#..........##....#########.
......#....########...........##.
......#....##....##z...........#.
...)..#....#.....#....(........#.
......#....'.....#.....##.....##.
#....###...##....#.....##.....##.
##'#######'##....#......#......#.
............#...@y......'......#.
..........)##....#......#.....##.
............######.....##.....##.
#..##.##....# ##....##.....##.
############# #.....##.....##.
#.....#.......#. #.....#.......#.
#.....#......)'. #....)+.......#.


You could see a hornet.

Vanquished Creatures
  Pikel (D:6)
  Sigmund (D:4)
  3 sky beasts (D:6)
  A phantom (D:8)
  4 slaves (D:7)
  7 ogres
  A big kobold (D:7)
  A bullfrog (D:6)
  6 killer bees (D:8)
  3 wights (D:9)
  2 howler monkeys
  A crimson imp (D:6)
  3 centaur skeletons
  A hound (D:6)
  2 jellies
  An orc priest (D:4)
  4 orc wizards
  An iguana (D:8)
  3 worker ants
  A hound zombie (D:8)
  A hound skeleton (D:5)
  A worker ant zombie (D:5)
  A gnoll (D:1)
  13 adders
  An adder zombie (D:7)
  2 worms
  2 dart slugs
  10 leopard geckos
  19 orcs
  7 bats
  3 giant cockroaches
  9 goblins
  7 hobgoblins
  8 jackals
  12 kobolds
  3 quokkas
  A ball python (D:2)
  2 frilled lizards (D:1)
  2 jackal skeletons
  8 rats
159 creatures vanquished.

Notes
Turn   | Place    | Note
-------+----------+-------------------------------------------
     0 | D:1      | Folque the Draconian Earth Elementalist began the quest for
                  | the Orb.
     0 | D:1      | Reached XP level 1. HP: 14/14 MP: 3/3
   102 | D:1      | Reached skill level 1 in Fighting
   133 | D:1      | Reached XP level 2. HP: 10/23 MP: 5/5
   298 | D:1      | Learned a level 2 spell: Passwall
   486 | D:1      | Reached XP level 3. HP: 25/29 MP: 0/6
   491 | D:1      | Learned a level 3 spell: Stone Arrow
  1245 | D:2      | Reached XP level 4. HP: 32/36 MP: 8/8
  1410 | D:2      | Found a faded altar of an unknown god.
  1812 | D:3      | Reached skill level 1 in Conjurations
  2051 | D:3      | Noticed an ogre
  2409 | D:3      | Killed an ogre
  2409 | D:3      | Reached skill level 4 in Earth Magic
  2409 | D:3      | Reached XP level 5. HP: 41/41 MP: 0/10
  2494 | D:4      | Noticed Sigmund
  2550 | D:4      | Noticed an ogre
  2557 | D:3      | Reached XP level 6. HP: 35/48 MP: 5/11
  3048 | D:4      | Learned a level 5 spell: Lee's Rapid Deconstruction
  3212 | D:4      | Found a runed translucent gate.
  3212 | D:4      | Found a runed translucent gate.
  3212 | D:4      | Found a runed translucent gate.
  3214 | D:4      | Noticed Pyrotika's ghost (amateur HOFi)
  3238 | D:4      | Killed Sigmund
  3238 | D:4      | Reached skill level 5 in Earth Magic
  3238 | D:4      | Your scales start taking on a golden yellow colour.
  3238 | D:4      | Reached XP level 7. HP: 53/55 MP: 4/13
  3238 | D:4      | Gained mutation: You are resistant to acid. (rCorr) [Yellow
                  | Draconian growth]
  3244 | D:4      | Learned a level 4 spell: Petrify
  3339 | D:4      | Found an ancient bone altar of Kikubaaqudgha.
  3442 | D:5      | Entered Level 5 of the Dungeon
  3620 | D:5      | Found a radiant altar of Vehumet.
  3623 | D:5      | Found a shimmering altar of Xom.
  3626 | D:5      | Found a sparkling altar of Nemelex Xobeh.
  3629 | D:5      | Found an ornate altar of the Wu Jian Council.
  3844 | D:5      | Found Qawkifazipp's Assorted Antiques.
  3981 | D:6      | Reached skill level 6 in Earth Magic
  4089 | D:6      | Reached skill level 5 in Spellcasting
  4208 | D:6      | Reached XP level 8. HP: 34/61 MP: 3/16
  4306 | D:6      | Reached skill level 7 in Earth Magic
  4686 | D:7      | Learned a level 3 spell: Static Discharge
  4805 | D:7      | Found an opulent altar of Gozag.
  4863 | D:7      | Noticed Pikel
  5101 | D:6      | Killed Pikel
  5101 | D:6      | Reached skill level 8 in Earth Magic
  5151 | D:6      | Reached XP level 9. HP: 67/67 MP: 0/17
  5339 | D:6      | Found a staircase to the Ecumenical Temple.
  5388 | Temple   | Entered the Ecumenical Temple
  5554 | Temple   | Became a worshipper of Sif Muna the Loreminder
  5810 | D:6      | You fall through a shaft for 2 floors!
  5857 | D:8      | Reached skill level 1 in Air Magic
  6007 | D:8      | Found Moxtur's Jewellery Boutique.
  6015 | D:8      | Bought an uncursed ring of wizardry for 420 gold pieces
  6105 | D:8      | Found a shattered altar of Ashenzari.
  6412 | D:8      | Reached * piety under Sif Muna
  6751 | D:9      | Found a shadowy altar of Dithmenos.
  6756 | D:9      | Paralysed by a hornet for 3 turns
  6774 | D:8      | Slain by a hornet

Skill      XL: |  1  2  3  4  5  6  7  8  9 |
---------------+----------------------------+-----
Fighting       | 1 2 |  2.1
Spellcasting   | 3 4 5 7 |  7.0
Conjurations   | 2 3 |  3.3
Earth Magic    | 4 5 6 8 |  8.1
Dodging        | 2 |  2.2
Stealth        | 3 4 |  4.5
Transmutations | 4 |  4.1
Air Magic      | 2 |  2.6

Action                   |  1- 3 |  4- 6 |  7- 9 || total
-------------------------+-------+-------+-------++-------
Melee: Whip              |    11 |       |    28 ||    39
       Short sword       |   124 |   155 |    23 ||   302
       Tailslap          |     7 |    10 |     6 ||    23
       Scythe            |       |       |    17 ||    17
 Cast: Sandblast         |    10 |    22 |    72 ||   104
       Passwall          |     1 |     1 |     2 ||     4
       Stone Arrow       |     1 |    21 |    33 ||    55
       Lee's Rapid Decon |       |     1 |    15 ||    16
       Petrify           |       |       |     4 ||     4
  Use: Scroll            |       |     3 |     7 ||    10
       Potion            |       |     1 |     2 ||     3
 Stab: Sleeping          |     6 |     2 |     2 ||    10
  Eat: Chunk             |     2 |     8 |    14 ||    24
       Ration            |       |       |     1 ||     1
Armor: Skin              |    71 |    56 |    58 ||   185
Dodge: Dodged            |   102 |   122 |   131 ||   355
